 Dungeon Crawl Stone Soup version 0.31-a0-963-ga325b2283a (webtiles) character file.

Game seed: 18349901963085106145

40128 Frankeee the Spry (level 13, -12/61 HPs)
             Began as a Felid Chaos Knight on Oct 24, 2023.
             Was a Plaything of Xom.
             Mangled by a skyshark (25 damage)
             ... on level 4 of the Lair of Beasts.
             The game lasted 00:24:47 (16812 turns).

Frankeee the Spry (Felid Chaos Knight)             Turns: 16812, Time: 00:24:47

Health: -12/61     AC:  5    Str:  8    XL:     13   Next: 72%
Magic:  14/14      EV: 28    Int: 22    God:    Xom [..*...]
Gold:   1255       SH:  0    Dex: 16    Spells: 12/12 levels left
                                        Lives:  0   Deaths: 5

rFire   . .          .
                       - Unarmed
rCold   + . .        (shield unavailable)
rNeg    . . .        (body armour unavailable)
rPois   .            (helmet unavailable)
rElec   .            (cloak unavailable)
rCorr   .            (gloves unavailable)
SInv    +            (boots unavailable)
Will    +....        x - amulet of regeneration
Stlth   +++++        c - +4 ring of slaying
HPRegen 1.10/turn    i - +4 ring of slaying
MPRegen 0.14/turn

%: no passive effects
@: studying Dodging, quick
A: very small, claws 1, fangs 3, see invisible, speed 1, shaggy fur 3, stealthy
paws, no weapons or thrown items, no armour, multi-lived, horns 2, iridescent
scales 1, clever 2, screaming 1
a: Renounce Religion


You were on level 4 of the Lair of Beasts.
You worshipped Xom.
You were a toy of Xom.
You visited 3 branches of the dungeon, and saw 17 of its levels.

You collected 1255 gold pieces.

Inventory:

Jewellery
 c - a +4 ring of slaying (left paw)
 i - a +4 ring of slaying (right paw)
 m - a ring of willpower
 n - the ring "Tuestrif" {Ice rCorr Dex+3}
   (You found it on level 12 of the Dungeon)

   [ring of ice]

   Ice:       It enhances your ice magic.
   Dex+3:     It affects your dexterity (+3).
   rF-:       It makes you vulnerable to fire.
   rC+:       It protects you from cold.
   rCorr:     It protects you from acid and corrosion.
 r - a +6 ring of intelligence
 s - a ring of fire
 v - a ring of positive energy
 x - an amulet of regeneration (around neck)
 z - a ring of protection from fire
 B - a ring of protection from cold
 E - an amulet of the acrobat
Wands
 e - a wand of flame (34)
 j - a wand of digging (7)
 u - a wand of paralysis (3)
 w - a wand of iceblast (18) (quivered)
 y - a wand of polymorph (12)
Scrolls
 b - 3 scrolls of noise
 d - 3 scrolls of immolation
 g - 2 scrolls of fog
 h - 2 scrolls of teleportation
 p - 5 scrolls of poison
 A - a scroll of blinking
 C - 2 scrolls of identify
 H - a scroll of silence {unknown}
Potions
 a - a potion of cancellation {unknown}
 f - a potion of brilliance
 k - 2 potions of attraction
 l - 2 potions of enlightenment
 o - 2 potions of mutation
 t - 4 potions of lignification
 F - 2 potions of curing
 G - a potion of heal wounds
 I - a potion of berserk rage {unknown}
 J - a potion of haste
Miscellaneous
 q - a lightning rod (4/4)
 D - a phial of floods


   Skills:
 + Level 10.0 Fighting
 + Level 16.5 Dodging
 + Level 12.8 Stealth
 * Level 13.2 Unarmed Combat
 * Level 12.8 Shapeshifting


You had 12 spell levels left.
You didn't know any spells.
Your spell library contained the following spells:

 Spells                   Type           Power      Damage    Failure   Level
 Foxfire                  Conj/Fire      0%         2x1d4     17%         1
 Magic Dart               Conj           0%         1d3       17%         1
 Slow                     Hex            0%         N/A       17%         1
 Call Imp                 Summ           0%         N/A       26%         2
 Lesser Beckoning         Tloc           0%         N/A       26%         2
 Searing Ray              Conj           0%         2d4       26%         2
 Confusing Touch          Hex            0%         N/A       45%         3
 Dazzling Flash           Conj/Hex       0%         N/A       45%         3
 Gell's Gravitas          Tloc           0%         N/A       45%         3
 Ignite Poison            Fire/Tmut/Pois 0%         N/A       45%         3
 Mephitic Cloud           Conj/Pois/Air  0%         N/A       45%         3
 Sigil of Binding         Hex            0%         N/A       45%         3
 Stone Arrow              Conj/Erth      0%         3d7       45%         3
 Teleport Other           Tloc           0%         N/A       45%         3
 Vampiric Draining        Necr           0%         2d6       45%         3
 Volatile Blastmotes      Fire/Tloc      0%         2d10      45%         3
 Fulminant Prism          Conj/Hex       0%         3d5       86%         4
 Sticky Flame             Conj/Fire      0%         2d3       86%         4
 Summon Forest            Summ/Tloc      0%         N/A       99%         5
 Summon Mana Viper        Hex/Summ       0%         N/A       99%         5
 Plasma Beam              Fire/Air       0%         2x1d10    100%        6
 Starburst                Conj/Fire      0%         6d3       100%        6
 Summon Cactus Giant      Summ           0%         N/A       100%        6
 Malign Gateway           Summ/Tloc      0%         N/A       100%        7
 Ignition                 Fire           0%         3d3       100%        8
 Lehudib's Crystal Spear  Conj/Erth      0%         10d2      100%        8
 Maxwell's Capacitive Co  Air            0%         ∞         100%        8
 Summon Horrible Things   Summ           0%         N/A       100%        8
 Animate Armour           Summ/Erth      Unusable   N/A       N/A         4

Dungeon Overview and Level Annotations

Branches:
Dungeon (12/15)            Temple (1/1) D:5            Lair (4/5) D:8
  Swamp (0/4) Lair:2       Spider (0/4) Lair:3          Orc (0/2) D:12
  Slime: Lair:4-5

Altars:
Ashenzari
Cheibriados
Dithmenos
Elyvilon
Fedhas
Gozag
Hepliaklqana
Kikubaaqudgha
Makhleb
Nemelex Xobeh
Okawaru
Qazlal
Ru
Sif Muna
Trog
Uskayaw
Vehumet
Wu Jian
Xom
Yredelemnul
Zin
The Shining One

Shops:
D:8 *   D:9 *   D:12 =

Annotations:
D:9 3 runed translucent doors, Cadnt's ghost, novice MiHu; Dylgear's ghost, novice MeFi; Stellion's ghost, journeyman KoEn; osoart's ghost, novice GrEE


Innate Abilities, Weirdness & Mutations

You have sharp claws.
You have razor-sharp teeth.
You have supernaturally acute eyesight. (SInv)
You cover ground quickly. (Speed+)
Your thick and shaggy fur keeps you warm. (AC +3, rC+)
Your paws help you pounce on unaware monsters.
You are incapable of wielding weapons or throwing items.
You cannot wear armour.
You gain extra lives every three experience levels.
You have a pair of horns on your head.
You are partially covered in iridescent scales. (AC +2)
Your mind is very acute. (Int +8, Str/Dex -2)
You occasionally shout uncontrollably at your foes.


Message History

The skyshark is lightly wounded.
The skyshark bites you!
The skyshark tastes blood and grows stronger!
The skyshark barely misses you. The skyshark completely misses you.
You scratch the skyshark. You headbutt the skyshark. You bite the skyshark.
The skyshark is moderately wounded.
The skyshark misses you. The skyshark tail-slaps you!
The skyshark completely misses you.
You scratch the skyshark but do no damage.
You headbutt the skyshark, but do no damage.
The skyshark is moderately wounded.
You completely miss the skyshark.
The skyshark is moderately wounded.
The skyshark completely misses you. The skyshark closely misses you.
The skyshark completely misses you.
You claw the skyshark! Your headbutt misses the skyshark.
The skyshark is moderately wounded.
The skyshark bites you.
The skyshark enters a blood-rage!
The skyshark closely misses you. The skyshark completely misses you.
You scratch the skyshark. You headbutt the skyshark! You bite the skyshark.
The skyshark is heavily wounded.
The skyshark closely misses you. The skyshark barely misses you.
The skyshark misses you.
You claw the skyshark!
The skyshark is heavily wounded.
The skyshark completely misses you. The skyshark tail-slaps you.
The skyshark completely misses you.
You scratch the skyshark. Your headbutt misses the skyshark.
The skyshark is heavily wounded.
The skyshark completely misses you. The skyshark tail-slaps you!
The skyshark completely misses you.
You scratch the skyshark but do no damage.
You claw the skyshark!
The skyshark is severely wounded.
The skyshark bites you!!
* * * LOW HITPOINT WARNING * * *
The skyshark completely misses you. The skyshark misses you.
The skyshark bites you!!
You die...
Xom chuckles heartily!

....... ........##
..........###
.............#
..............### #
.................#.##
...................P#
...>.(.........@l...#
#................####
#............!....#
...............P##
#............####
#P#.......#.# #
##.#.#.#### ###
###..### ..####P..##


You could see a skyshark (berserk).

Vanquished Creatures
  A ghost moth (Lair:1)
  A catoblepas (Lair:3)
  Erica (D:11)
  A boulder beetle (D:11)
  A centaur warrior (D:9)
  3 death yaks (Lair:1)
  3 two-headed ogres
  Amaemon (Lair:3)
  A lindwurm (Lair:3)
  A salamander (shapeshifter) (D:8)
  2 cyclopes (D:12)
  5 elephants
  A manticore (Lair:2)
  6 black mambas
  An orange demon (Lair:3)
  A torpor snail (Lair:1)
  5 cane toads
  3 unseen horrors
  Jeremiah (D:7)
  Maggie (D:7)
  5 komodo dragons
  2 rime drakes
  A tengu conjurer (D:10)
  4 trolls
  A queen bee (D:9)
  A hornet (D:8)
  4 dream sheep (Lair:1)
  Grinder (D:3)
  9 blink frogs
  A slime creature (D:8)
  2 shadows
  A vampire (D:11)
  2 spriggans
  A wraith (D:10)
  A culicivora (D:10)
  A yak (shapeshifter) (D:9)
  36 yaks
  3 vampire mosquitoes (D:12)
  3 basilisks (Lair:1)
  2 redbacks (Lair:3)
  Menkaure (D:7)
  7 steam dragons
  Edmund (D:4)
  Duvessa (D:7)
  10 water moccasins
  3 orc warriors
  2 ice beasts (D:8)
  4 sky beasts
  4 black bears
  2 ogres
  7 centaurs
  16 wolves
  3 kobold brigands
  15 bullfrogs
  4 gnoll sergeants
  4 scorpions
  8 wights
  Dowan (D:7)
  15 killer bees
  6 howler monkeys (D:8)
  8 electric eels
  A quasit (D:7)
  3 jellies
  A gnoll bouda (D:10)
  4 hounds
  3 orc priests
  A sleepcap (D:8)
  Jessica (D:3)
  4 iguanas
  Terence (D:3)
  10 orc wizards
  7 hell rats
  10 gnolls
  5 adders
  4 shadow imps (D:7)
  8 white imps
  An ufetubus (D:7)
  8 worms
  3 dart slugs
  32 orcs
  3 bats
  10 endoplasms
  2 giant cockroaches
  A goblin (D:1)
  6 hobgoblins
  4 jackals
  12 kobolds
  A quokka (D:4)
  8 ball pythons
  6 frilled lizards
  6 rats
409 creatures vanquished.

Vanquished Creatures (collateral kills)
  A blink frog (Lair:3)
  3 yaks
  2 gnolls (D:2)
  A hobgoblin (D:2)
7 creatures vanquished.

Vanquished Creatures (others)
  A blink frog (Lair:3)
1 creature vanquished.

Grand Total: 417 creatures vanquished

Notes
Turn   | Place    | Note
-------+----------+-------------------------------------------
     0 | D:1      | Frankeee the Felid Chaos Knight began the quest for the
                  | Orb.
     0 | D:1      | Reached XP level 1. HP: 10/10 MP: 2/2
    70 | D:1      | Frozen to death by an endoplasm
    91 | D:1      | Reached XP level 2. HP: 6/14 MP: 3/3
   293 | D:1      | Reached skill level 1 in Shapeshifting
   358 | D:1      | Reached skill level 1 in Stealth
   443 | D:1      | XOM: divination: detect items
   651 | D:1      | XOM: give mutations
   651 | D:1      | Gained mutation: Your flesh is cold resistant. (rC+) [Xom's
                  | grace]
   651 | D:1      | Gained mutation: Your mind is acute. (Int +4, Str/Dex -1)
                  | [Xom's grace]
   651 | D:1      | Gained mutation: You have a pair of small horns on your
                  | head. [Xom's grace]
   730 | D:1      | XOM: scenery: create altars
   883 | D:2      | Reached XP level 3. HP: 17/17 MP: 4/4
   938 | D:2      | XOM: smoke on damage
   944 | D:2      | Reached XP level 4. HP: 3/21 MP: 5/5
  1448 | D:2      | XOM is BORED!
  1810 | D:3      | Noticed Terence
  1820 | D:3      | Killed Terence
  1828 | D:3      | Noticed Grinder
  1831 | D:3      | XOM: enchant monster (good)
  1834 | D:3      | Killed Grinder
  1835 | D:3      | Reached skill level 4 in Dodging
  1835 | D:3      | Reached XP level 5. HP: 25/25 MP: 6/6
  1835 | D:3      | Gained mutation: You are covered in thick fur. (AC +2)
                  | [Felid growth]
  1835 | D:3      | Reached XP level 6. HP: 28/28 MP: 7/7
  2013 | D:3      | Noticed Jessica
  2017 | D:3      | Killed Jessica
  2190 | D:3      | XOM: smoke on damage
  2543 | D:4      | You fall into a shaft and drop 3 floors!
  2552 | D:7      | Noticed a water moccasin
  2561 | D:6      | Noticed a yak
  2582 | D:6      | Noticed Edmund
  2586 | D:5      | Entered Level 5 of the Dungeon
  2805 | D:4      | XOM: summons friendly crimson imp
  3074 | D:4      | Found a glowing golden altar of the Shining One.
  3108 | D:4      | Found a burning altar of Makhleb.
  3316 | D:4      | Reached XP level 7. HP: 29/32 MP: 8/8
  3439 | D:5      | Reached skill level 5 in Unarmed Combat
  3516 | D:5      | XOM: divine lightning
  3568 | D:5      | XOM: 7-stop teleportation journey
  3574 | D:5      | XOM: butterfly on damage
  3584 | D:5      | Found a staircase to the Ecumenical Temple.
  3790 | D:5      | XOM: butterfly on damage
  3796 | D:5      | HP: 1/33 [centaur/arrow (8)]
  3800 | D:5      | Slain by a centaur
  3812 | D:5      | XOM: enchant monster (bad)
  3818 | D:5      | Reached skill level 5 in Dodging
  4020 | Temple   | Entered the Ecumenical Temple
  4077 | D:5      | XOM: stat loss: -1 Dex (13/14)
  4207 | D:5      | XOM: enchant monster (good)
  4213 | D:5      | Reached XP level 8. HP: 3/36 MP: 9/9
  4348 | D:5      | XOM: summons 1 hostile shadow creature
  4361 | D:5      | Identified a scroll of acquirement
  4361 | D:5      | Acquired a manual of Dodging
  4389 | D:4      | XOM: blink monster(s)
  4400 | D:4      | XOM: swap monsters
  4407 | D:4      | XOM: smoke on damage
  4409 | D:4      | Killed Edmund
  4527 | D:5      | XOM: summons 8 friendly demons
  4531 | D:5      | Reached skill level 5 in Shapeshifting
  4562 | D:6      | XOM: butterfly on damage
  4654 | D:5      | XOM: butterfly on damage
  4658 | D:5      | Reached skill level 5 in Fighting
  4658 | D:5      | Reached skill level 6 in Dodging
  4658 | D:5      | Reached skill level 5 in Stealth
  4678 | D:5      | XOM: scenery: create altars
  4978 | D:6      | XOM: scenery: create altars
  4979 | D:6      | XOM: confuse monster(s)
  5341 | D:6      | Identified the +1 pair of boots of Bevaet {Harm rPois rC++
                  | Will-}
  5541 | D:6      | Found a stormy altar of Qazlal.
  5649 | D:6      | XOM: give mutations
  5649 | D:6      | Lost mutation: You have a pair of small horns on your head.
                  | [Xom's mischief]
  5649 | D:6      | Gained mutation: You have a pair of small horns on your
                  | head. [Xom's mischief]
  5649 | D:6      | Gained mutation: You are partially covered in iridescent
                  | scales. (AC +2) [Xom's mischief]
  5649 | D:6      | Gained mutation: You occasionally shout uncontrollably at
                  | your foes. [Xom's mischief]
  5750 | D:6      | Reached skill level 7 in Dodging
  5991 | D:7      | Noticed Jeremiah
  5991 | D:7      | Noticed Duvessa
  5991 | D:7      | Noticed Dowan
  6137 | D:7      | XOM: scenery: 1 doors close
  6140 | D:7      | XOM: noise
  6148 | D:7      | XOM: 2-stop teleportation journey
  6249 | D:7      | Killed Duvessa
  6250 | D:7      | Reached XP level 9. HP: 31/40 MP: 10/10
  6311 | D:7      | Killed Dowan
  6411 | D:7      | XOM: chaos upgrade
  6438 | D:7      | XOM: noise
  6444 | D:7      | XOM: noise
  6447 | D:7      | Reached skill level 8 in Dodging
  6546 | D:7      | XOM: smoke on damage
  6581 | D:8      | Found Ea-nāṣir's Fine Metal Goods.
  6613 | D:8      | XOM: draining
  6640 | D:8      | XOM: 1-stop teleportation journey
  6828 | D:8      | XOM: butterfly on damage
  6893 | D:8      | Reached skill level 9 in Dodging
  6919 | D:8      | Noticed a skeletal warrior
  6929 | D:8      | XOM: butterfly on damage
  6980 | D:8      | Found a staircase to the Lair.
  6981 | D:8      | Noticed a troll
  7001 | D:8      | Killed a troll
  7082 | D:8      | XOM: enchant monster (bad)
  7152 | D:9      | Found Ohoracem's Mayhem Merchandise.
  7200 | D:9      | XOM: confuse monster(s)
  7203 | D:9      | XOM: polymorph yak -> culicivora
  7229 | D:9      | XOM: enchant monster (good)
  7230 | D:9      | XOM: confuse monster(s)
  7248 | D:9      | XOM: polymorph yak -> shapeshifter
  7248 | D:9      | a shapeshifter changed into a meliai
  7248 | D:9      | Noticed a meliai (shapeshifter)
  7263 | D:9      | Reached XP level 10. HP: 32/46 MP: 11/11
  7294 | D:9      | XOM: butterfly on damage
  7428 | D:9      | XOM: scenery: create altars
  7429 | D:9      | XOM: 4-stop teleportation journey
  7432 | D:9      | XOM: scenery: create altars
  7459 | Lair:1   | Entered Level 1 of the Lair of Beasts
  7496 | Lair:1   | XOM: scenery: 1 doors open
  7502 | Lair:1   | XOM: cleaving
  7511 | Lair:1   | Noticed a torpor snail
  7512 | Lair:1   | XOM: divination: magic mapping
  7549 | Lair:1   | XOM: enchant monster (good)
  7610 | D:8      | Reached skill level 10 in Dodging
  7613 | D:8      | Noticed a two-headed ogre
  7722 | D:7      | Noticed Menkaure
  7727 | D:7      | XOM: cast spell 'Summon Ice Beast'
  7731 | D:7      | Killed Menkaure
  7816 | D:7      | XOM: potion effect (berserk rage)
  7817 | D:7      | XOM: cast spell 'Leda's Liquefaction'
  7962 | D:7      | XOM: noise
  8084 | D:7      | XOM: noise
  8251 | D:7      | Noticed Maggie
  8270 | D:7      | Killed Maggie
  8324 | D:7      | XOM: silly message
  8445 | D:7      | Killed Jeremiah
  8446 | D:7      | Reached skill level 11 in Dodging
  8539 | D:8      | XOM: smoke on damage
  8568 | D:8      | XOM: potion effect (berserk rage)
  8571 | D:8      | XOM: potion effect (invisibility)
  8664 | D:8      | XOM: destruction
  8669 | D:8      | XOM: fog
  8709 | D:8      | Reached XP level 11. HP: 50/50 MP: 12/12
  8820 | D:8      | Killed a two-headed ogre
  8948 | D:8      | XOM: cloud trail
  9191 | D:8      | Noticed an orb spider
  9192 | D:8      | an orb spider changed into a manticore
  9198 | D:8      | XOM: fog
  9300 | D:8      | XOM: god gift: book of Armaments
  9319 | D:8      | Reached skill level 12 in Dodging
  9404 | D:9      | XOM: 3-stop teleportation journey
  9413 | D:9      | Found a runed translucent gate.
  9413 | D:9      | Found a runed translucent gate.
  9416 | D:9      | Found a runed translucent gate.
  9416 | D:9      | Noticed osoart's ghost (novice GrEE)
  9416 | D:9      | Noticed Cadnt's ghost (novice MiHu)
  9418 | D:9      | Noticed Dylgear's ghost (novice MeFi)
  9418 | D:9      | Noticed Stellion's ghost (journeyman KoEn)
  9489 | D:9      | Found a sacrificial altar of Ru.
  9491 | D:9      | Found a shimmering altar of Xom.
  9491 | D:9      | Found a blossoming altar of Fedhas.
  9493 | D:9      | Found a hazy altar of Hepliaklqana.
  9493 | D:9      | Found an iron altar of Okawaru.
  9493 | D:9      | Found a broken altar of Ashenzari.
  9561 | D:9      | Noticed a centaur warrior
  9568 | D:9      | HP: 2/50 [centaur warrior (12)]
  9576 | D:9      | Killed a centaur warrior
  9577 | D:9      | Reached skill level 10 in Unarmed Combat
  9668 | D:9      | XOM: enchant monster (bad)
  9670 | D:9      | XOM: noise
  9677 | D:9      | XOM: polymorph culicivora -> black mamba
  9741 | D:9      | XOM: cast spell 'Death Channel'
  9744 | D:9      | XOM: noise
  9890 | D:9      | XOM: noise
 10418 | D:9      | XOM: cast spell 'Chain of Chaos'
 10474 | D:9      | XOM: god gift: 31 gold pieces
 10523 | D:10     | Entered Level 10 of the Dungeon
 10539 | D:10     | XOM: god gift: potion of lignification
 10665 | D:10     | XOM: cleaving
 10669 | D:10     | XOM: scenery: summon butterflies
 10742 | D:10     | Reached skill level 10 in Shapeshifting
 10744 | D:10     | XOM: fog
 10747 | D:10     | XOM: polymorph yak -> culicivora
 10749 | D:10     | Reached skill level 10 in Stealth
 10752 | D:10     | Reached skill level 13 in Dodging
 10787 | D:10     | XOM: summons friendly ufetubus
 10806 | D:10     | XOM: enchant monster (good)
 10815 | D:10     | XOM: silly message
 11048 | D:10     | Found the sphere of Battle
 11051 | D:10     | XOM: polymorph tengu conjurer -> spriggan
 11226 | D:10     | Noticed a two-headed ogre
 11238 | D:10     | Killed a two-headed ogre
 11348 | D:10     | Gained mutation: Your thick and shaggy fur keeps you warm.
                  | (AC +3, rC+) [Felid growth]
 11348 | D:10     | Reached XP level 12. HP: 47/56 MP: 13/13
 11445 | D:11     | XOM: 7-stop teleportation journey
 11505 | D:11     | Noticed a boulder beetle
 11516 | D:11     | Killed a boulder beetle
 11768 | D:11     | XOM: give mutation
 11768 | D:11     | Gained mutation: Your mind is very acute. (Int +8, Str/Dex
                  | -2) [Xom's grace]
 11783 | D:11     | XOM: silly message
 11835 | D:11     | Noticed Erica
 11837 | D:11     | Killed Erica
 12105 | D:12     | Noticed a two-headed ogre
 12105 | D:12     | XOM: blink monster(s)
 12112 | D:12     | Killed a two-headed ogre
 12113 | D:12     | Reached skill level 14 in Dodging
 12140 | D:12     | Found Ycepp's Jewellery Emporium.
 12184 | D:12     | XOM: summons 7 hostile demons
 12186 | D:12     | XOM: 1-stop teleportation journey
 12301 | D:12     | XOM: enchant monster (bad)
 12322 | D:12     | XOM: noise
 12402 | D:12     | Found a staircase to the Orcish Mines.
 12409 | D:12     | XOM: polymorph cyclops -> shock serpent
 12495 | D:12     | Identified the ring "Tuestrif" {Ice rCorr Dex+3}
 12508 | D:12     | XOM: confusion
 12566 | D:9      | XOM: give mutations
 12566 | D:9      | Gained mutation: You have a pair of horns on your head.
                  | [Xom's mischief]
 12566 | D:9      | Lost mutation: Your flesh is cold resistant. (rC+) [Xom's
                  | mischief]
 12719 | D:8      | XOM: stat loss: -1 Int (21/22)
 12779 | D:8      | XOM: blink monster(s)
 12782 | D:8      | XOM: enchant monster (bad)
 12783 | D:8      | XOM: fake destruction
 12784 | D:8      | HP: 2/53 [cane toad (17)]
 12784 | D:8      | XOM: butterfly on damage
 12846 | Lair:1   | XOM: butterfly on damage
 12848 | Lair:1   | XOM: butterfly on damage
 12857 | Lair:1   | Demolished by a blink frog
 12951 | Lair:1   | HP: 1/56 [electric eel/bolt of electricity (4)]
 12952 | Lair:1   | Killed from afar by an electric eel
 13042 | Lair:1   | XOM: enchant monster (good)
 13053 | Lair:1   | XOM: swap monsters
 13091 | Lair:1   | XOM: noise
 13241 | Lair:1   | XOM: summons 12 friendly demons
 13257 | Lair:1   | XOM: blink monster(s)
 13324 | Lair:1   | XOM: swap monsters
 13338 | Lair:1   | XOM: fake destruction
 13346 | Lair:1   | Reached skill level 15 in Dodging
 13484 | Lair:1   | XOM: cloud trail
 13604 | Lair:1   | XOM: scenery: summon butterflies
 13706 | Lair:2   | Noticed a death yak
 13706 | Lair:2   | Noticed a death yak
 13706 | Lair:2   | Noticed a death yak
 13707 | Lair:2   | Noticed a death yak
 13735 | Lair:2   | Noticed a death yak
 13745 | Lair:1   | XOM: summons friendly iron imp
 13749 | Lair:1   | a death yak changed into a ghost moth
 13749 | Lair:1   | Noticed a ghost moth
 13749 | Lair:1   | XOM: polymorph death yak -> ghost moth
 13755 | Lair:1   | XOM: cleaving
 13767 | Lair:1   | XOM: enchant monster (good)
 13777 | Lair:1   | XOM: scenery: summon butterflies
 13794 | Lair:1   | XOM: cast spell 'Chain of Chaos'
 13804 | Lair:1   | XOM: confuse monster(s)
 13809 | Lair:1   | Killed a ghost moth
 14095 | Lair:1   | Killed a death yak
 14240 | Lair:1   | XOM: 3-stop teleportation journey
 14584 | Lair:1   | XOM: scenery: 1 doors open
 14586 | Lair:1   | XOM: cast spell 'Discord'
 14591 | Lair:1   | Killed a death yak
 14592 | Lair:1   | XOM: butterfly on damage
 14614 | Lair:1   | a death yak changed into an azure jelly
 14614 | Lair:1   | Noticed an azure jelly
 14614 | Lair:1   | XOM: polymorph death yak -> azure jelly
 14653 | Lair:2   | XOM: confuse monster(s)
 14733 | Lair:2   | XOM: fog
 14743 | Lair:1   | Reached XP level 13. HP: 60/60 MP: 14/14
 14747 | Lair:1   | XOM: summons friendly crimson imp
 14834 | Lair:2   | Found an ornate altar of the Wu Jian Council.
 14860 | Lair:2   | XOM: divination: detect items
 14862 | Lair:2   | XOM: enchant monster (good)
 14991 | Lair:2   | XOM: enchant monster (good)
 14996 | Lair:2   | XOM: divination: detect creatures
 15051 | Lair:2   | Found a staircase to the Swamp.
 15162 | Lair:2   | XOM: noise
 15169 | Lair:2   | XOM: confuse monster(s)
 15178 | Lair:2   | XOM: polymorph elephant -> manticore
 15327 | Lair:2   | You fall into a shaft and drop 1 floor!
 15361 | Lair:2   | XOM: cloud trail
 15384 | Lair:2   | XOM: blink monster(s)
 15542 | Lair:2   | XOM: silly message
 15593 | Lair:3   | XOM: butterfly on damage
 15653 | Lair:3   | Noticed Amaemon
 15657 | Lair:3   | XOM: confuse monster(s)
 15725 | Lair:3   | XOM: enchant monster (bad)
 15731 | Lair:3   | Reached skill level 16 in Dodging
 15778 | Lair:3   | XOM: enchant monster (bad)
 15782 | Lair:3   | Killed Amaemon
 15932 | Lair:3   | XOM: destruction
 15959 | Lair:3   | HP: 1/61 [catoblepas (12)]
 15960 | Lair:3   | Slain by a catoblepas
 15967 | Lair:3   | XOM: summons 6 friendly demons
 16016 | Lair:3   | XOM: summons friendly iron imp
 16017 | Lair:3   | XOM: enchant monster (good)
 16055 | Lair:3   | XOM: summons friendly ufetubus
 16078 | Lair:3   | XOM: blink monster(s)
 16313 | Lair:3   | XOM: silly message
 16326 | Lair:3   | XOM: stat loss: -1 Int (21/22)
 16334 | Lair:3   | Found a hole to the Spider Nest.
 16343 | Lair:3   | Reached skill level 10 in Fighting
 16621 | Lair:3   | XOM: divination: detect creatures
 16627 | Lair:3   | XOM: potion effect (brilliance)
 16669 | Lair:3   | XOM: swap monsters
 16812 | Lair:4   | Mangled by a skyshark

Illustrated notes

Levels and vault maps discovered:
D:1:      shiori_arrival_maze, layout_loops_ring, minmay_bisected
D:2:      layout_loops_ring, nicolae_the_louvre
D:3:      layout_basic, nrook_campfire, uniq_jessica, uniq_terence, uniq_grinder
D:4:      layout_basic, mainiacjoe_overflow_catch_the_wave,
          hangedman_abyss_or_decor_jellyfish_corner
D:5:      layout_basic, temple_statues
D:6:      layout_layer_cave, grunt_qazlal_sundering, minmay_manual_maat,
          uniq_edmund
D:7:      layout_gridville, serial_demonic, serial_demonic_e, serial_demonic_g,
          serial_demonic_d, serial_demonic_g, the_hattery, uniq_jeremiah,
          uniq_duvessa, uniq_menkaure, uniq_maggie
D:8:      minmay_imperfect_grid, layout_cave_pools,
          nicolae_ea-nasir_strikes_again, nzn_random_ring
D:9:      layout_layer_cave, doesnt_xom_only_xom, gammafunk_ghost_cemetery,
          minmay_shop_mayhem, hive_lemuel
D:10:     kennysheep_spiral_hall, layout_gridville,
          hellmonk_guarded_unrand_sphere_of_battle
D:11:     layout_roguey, amcnicky_mini_rare_corridor_liquid,
          serial_bayou_pond_e, kennysheep_small_spiral, uniq_erica
D:12:     layout_cave_pools, serial_shops, nicolae_shop_window_shopping
Temple:   nicolae_temple_two_arcs
Lair:1:   layout_regular_city, disabler_island, infiniplex_staircase_pool
Lair:2:   layout_chaotic_city, swamp_mist, basic_altar
Lair:3:   layout_regular_city, spider_nest_entry_webs, serial_bayou_pond_e,
          serial_bayou_shore_b, uniq_amaemon
Lair:4:   layout_cave_pods, minmay_slime_entry_oklob_open,
          nicolae_lair_lakeside_cave, uniq_kirke

Skill      XL: |  1  2  3  4  5  6  7  8  9 10 11 12 13 |
---------------+----------------------------------------+-----
Shapeshifting  | 1 3 4 6 7 9 10 11 12 | 12.8
Stealth        | 1 3 4 6 7 8 10 11 12 | 12.8
Dodging        | 4 5 7 9 11 13 15 16 | 16.5
Unarmed Combat | 4 5 6 8 9 10 12 13 | 13.2
Fighting       | 4 5 6 7 8 9 10 | 10.0

Action                     |  1- 3 |  4- 6 |  7- 9 | 10-12 | 13-15 || total
---------------------------+-------+-------+-------+-------+-------++-------
  Melee: Unarmed           |    56 |    99 |   283 |   638 |   246 ||  1322
         Bite              |     4 |     9 |    39 |    89 |    35 ||   176
         Headbutt          |     6 |    12 |    72 |   181 |    74 ||   345
         Punch             |     1 |     4 |    13 |    41 |    25 ||    84
  Evoke: Wand              |       |       |     5 |    17 |       ||    22
    Use: Scroll            |       |     6 |     9 |    12 |       ||    27
         Potion            |       |       |     2 |     9 |       ||    11
   Stab: Sleeping          |     1 |     8 |     9 |     6 |     3 ||    27
         Paralysed         |       |     3 |     1 |     1 |       ||     5
         Confused          |       |       |     2 |     1 |     1 ||     4
         Distracted        |       |       |     1 |     4 |     4 ||     9
         Invisible         |       |       |       |     2 |       ||     2
         Petrified         |       |       |       |       |     2 ||     2
 Armour: Skin              |    20 |    25 |   110 |   228 |    90 ||   473
  Dodge: Dodged            |    41 |    84 |   277 |   657 |   264 ||  1323

Table legend: (Time is in decaauts)
 A = Elapsed time spent in this place.
 B = Non-inter-level travel time spent in this place.
 C = Inter-level travel time spent in this place.
 D = Time resting spent in this place.
 E = Time spent auto-exploring this place.
 F = Levels seen in this place.
 G = Mean time per level.
                   A        B        C        D        E       F      G
               +--------+--------+--------+--------+--------+-----+--------+
         Total |  14190 |  13407 |    783 |    250 |   9819 |  17 |  834.7 |
       Dungeon |  10814 |  10200 |    614 |    224 |   7587 |  12 |  901.2 |
        Temple |      1 |      1 |      0 |      0 |      0 |   1 |    1.0 |
          Lair |   3374 |   3206 |    168 |     26 |   2232 |   4 |  843.5 |
               +--------+--------+--------+--------+--------+-----+--------+

Top non-repeatable levels by time:
  Lair:1: 1728 daAuts
     D:8: 1532 daAuts
     D:9: 1350 daAuts
     D:7: 1067 daAuts
     D:4: 1061 daAuts
     D:6: 1020 daAuts
     D:5: 967 daAuts
  Lair:3: 859 daAuts
     D:2: 794 daAuts
     D:1: 775 daAuts
    D:10: 724 daAuts
  Lair:2: 696 daAuts
    D:11: 660 daAuts
     D:3: 557 daAuts
    D:12: 303 daAuts
